 Dungeon Sprint DCSS version 0.13-a0-1775-g6c024ba (webtiles) character file.

0 Findor the Vexing (level 2, -2/13 HPs)
             Began as a Spriggan Enchanter on June 23, 2013.
             Was an Initiate of Makhleb.
             Slain by Sigmund
             ... wielding a +0,+0 scythe
              (5 damage)
             ... in the Dungeon (Sprint VI: "Thunderdome").
             The game lasted 00:04:07 (234 turns).

Findor the Vexing (Spriggan Enchanter)               Turns: 234, Time: 00:04:07

HP  -2/13        AC  3     Str  4      XL: 2   Next: 58%
MP   0/6         EV 19     Int 16      God: Makhleb [......]
Gold 130         SH  0     Dex 16      Spells:  2 memorised,  0 levels left

Res.Fire  : . . .   See Invis. : +   a - +1 dagger {=f}
Res.Cold  : . . .   Warding    : .   b - +1 robe
Life Prot.: . . .   Conserve   : .   (shield restricted)
Res.Poison: .       Res.Corr.  : .   (helmet restricted)
Res.Elec. : .       Clarity    : .   (no cloak)
Sust.Abil.: . .     Spirit.Shd : .   (gloves unavailable)
Res.Mut.  : .       Prev.Telep.: +   (boots unavailable)
Res.Rott. : .       Flight     : .   (no amulet)
Saprovore : . . .                    (no ring)
                                     (no ring)

@: very quick, slightly resistant to hostile enchantments, stealthy
A: unfitting armour, see invisible, herbivore 3, speed 3, slow metabolism 2
a: Renounce Religion


You were in the Dungeon.
You worshipped Makhleb.
Makhleb was pleased with you.
You were not hungry.

You visited 1 branch You collected 200 gold pieces.
You spent 90 gold pieces at shops.

Inventory:

Hand weapons
 a - a +1,+1 dagger (weapon) {=f}
Missiles
 d - 12 darts (quivered)
Armour
 b - a +1 robe (worn)
Magical devices
 m - a wand of cold (5)
 n - a wand of fire (4)
Scrolls
 k - 4 scrolls of blinking
 o - 3 scrolls of fog
Potions
 e - a potion of porridge
 f - a potion of curing
 g - 7 potions of heal wounds
 h - 4 potions of speed
 i - 2 potions of magic
 j - a potion of berserk rage
 l - a potion of resistance
Books
 c - a book of Maledictions

   Spells                             Type                      Level
   *Corona                            Hexes                        1
   Sure Blade                         Hexes/Charms                 2
   *Ensorcelled Hibernation           Hexes/Ice                    2
   Confuse                            Hexes                        3
   Enslavement                        Hexes                        4
   Invisibility                       Hexes                        6


   Skills:
 * Level 1.3 Short Blades
 - Level 1.2 Throwing
 - Level 4.1 Dodging
 - Level 3.9 Stealth
 + Level 1.4 Spellcasting
 + Level 6.4 Hexes


You couldn't memorise any spells.
You knew the following spells:

 Your Spells              Type           Power        Failure   Level  Hunger
a - Corona                Hex            ###....      1%          1    ##.....
b - Ensorcelled Hibernat  Hex/Ice        ##....       10%         2    ###....


Dungeon Overview and Level Annotations

Branches:
Dungeon (1/1)

Altars:
Cheibriados
Elyvilon
Fedhas
Kikubaaqudgha
Makhleb
Nemelex Xobeh
Okawaru
Sif Muna
Trog
Vehumet
Xom
Yredelemnul
Zin
the Shining One
Jiyva
Lugonu

Shops:
D: *[%??*?*+[((!!!!

Annotations
D Sigmund


Innate Abilities, Weirdness & Mutations

You are tiny and cannot use many weapons and most armour.
You have supernaturally acute eyesight.
You are a herbivore.
You cover ground extremely quickly.
You need consume almost no food.


Message History

Sigmund is heavily wounded.
Sigmund misses you.
You closely miss Sigmund.
Sigmund is heavily wounded.
You hit Sigmund.
Sigmund is severely wounded.
Sigmund closely misses you.
You hit Sigmund.
Sigmund is severely wounded.
Sigmund points at you and mumbles some strange words.
The puff of flame misses you.
You closely miss Sigmund.
Sigmund is severely wounded.
Casting: Ensorcelled Hibernation
Confirm with . or Enter, or press ? or * to list all spells.
Aiming: Ensorcelled Hibernation
Press: ? - help, Shift-Dir - straight line, f/p - Sigmund
Aim: Sigmund, wielding a scythe and wearing a robe (severely wounded) Sigmund is unaffected.
Sigmund hits you with a scythe.
You die...

#⌠...........⌠#
######.8.........8%####
##∩__.......###.......__
###∩........8.# #.8.......
##.............###.........
#⌠..........###...###......
#⌠..........# #.<.# #......
#⌠..........###...###......
##.......@@....###.........
###∩........8.# #.8.......
##∩__.......###.......__
######.8.........8.####
#⌠...........⌠#
###.........### #.........#
#_......._# #_......._#


You could see Sigmund.

Vanquished Creatures
  Jessica (D)
  A hobgoblin (D)
  A giant newt skeleton (D)
  A kobold (D)
4 creatures vanquished.

Notes
Turn   | Place    | Note
--------------------------------------------------------------
     0 | D        | Findor, the Spriggan Enchanter, began the quest for the Orb.
     0 | D        | Reached XP level 1. HP: 9/9 MP: 4/4
     2 | D        | Found a corrupted altar of Lugonu.
     2 | D        | Found a sparkling altar of Nemelex Xobeh.
     3 | D        | Found an iron altar of Okawaru.
     3 | D        | Found a shimmering altar of Xom.
     4 | D        | Found Kaxuasix's Must-Have Magic.
     4 | D        | Found Muita's Staff Store.
     4 | D        | Found a glowing silver altar of Zin.
     5 | D        | Found a blossoming altar of Fedhas.
     6 | D        | Found Phauzesi's Magic Scroll Shop.
     6 | D        | Found Yfab's Magic Scroll Shop.
     9 | D        | Round 1.
    10 | D        | Noticed Jessica
    17 | D        | Killed Jessica
    17 | D        | Reached skill level 6 in Hexes
    17 | D        | Reached XP level 2. HP: 13/13 MP: 4/6
    39 | D        | Found Sarod's Distillery.
    39 | D        | Found Ytoaj's Distillery.
    41 | D        | Found a white marble altar of Elyvilon.
    41 | D        | Found a radiant altar of Vehumet.
    42 | D        | Found Zainn's Bottled Wisdom.
    42 | D        | Found Pacesis' Do-It-Yourself Clinic.
    46 | D        | Found a basalt altar of Yredelemnul.
    47 | D        | Found an ancient bone altar of Kikubaaqudgha.
    51 | D        | Found Vurphuxzo's Weapon Rack.
    52 | D        | Found Bleudi's Basic Armour.
    56 | D        | Found a burning altar of Makhleb.
    56 | D        | Found a bloodstained altar of Trog.
    57 | D        | Found Frutiz's Premium Goods.
    57 | D        | Found Gafoh's Miscellaneous Merchandise.
    61 | D        | Learned a level 2 spell: Ensorcelled Hibernation
    65 | D        | Found a snail-covered altar of Cheibriados.
    70 | D        | Findor: yyyyyyyyy
    70 | D        | Became a worshipper of Makhleb the Destroyer
    78 | D        | Found Cuschoopp's Identification Station.
    78 | D        | Found a viscous altar of Jiyva.
    79 | D        | Found Saubifro's Advanced Armour.
    81 | D        | Found a deep blue altar of Sif Muna.
    82 | D        | Found a glowing golden altar of the Shining One.
    83 | D        | Found Alefupr Dafu's Bee Food.
    83 | D        | Found Biulol's Jewellery.
   185 | D        | Bought 3 potions of heal wounds for 90 gold pieces
   219 | D        | Noticed Sigmund
   234 | D        | Slain by Sigmund

Action                   || total
-------------------------++-------
Melee: Dagger            ||    17
 Cast: Ensorcelled Hiber ||     3
Evoke: Wand              ||     1
 Stab: Sleeping          ||     1
